 Dungeon Crawl Stone Soup version 0.19-b1-4-gd8a0a2a (webtiles) character file.

4400 McCoppin the Fighter (level 10, 0/76 HPs)
             Began as a Formicid Hunter on Oct 30, 2016.
             Was a Priest of Okawaru.
             Slain by a white ugly thing (10 damage)
             ... on level 8 of the Dungeon.
             The game lasted 00:27:30 (7728 turns).

McCoppin the Fighter (Formicid Hunter)              Turns: 7728, Time: 00:27:31

Health: 0/76       AC: 14    Str: 19    XL:     10   Next: 61%
Magic:  16/16      EV:  7    Int: 12    God:    Okawaru [***...]
Gold:   534        SH:  4    Dex: 11    Spells: 0 memorised, 9 levels left

rFire  . . .     SeeInvis +     b - +2 short sword (elec)
rCold  + . .     Gourm    .     F - +0 plate armour
rNeg   . . .     Faith    .     (no shield)
rPois  .         Spirit   .     (helmet unavailable)
rElec  .         Reflect  .     C - +0 cloak
rCorr  .         Harm     .     (no gloves)
MR     +....                    J - +0 pair of boots
Stlth  ..........               x - amulet of regeneration
                                r - ring of ice
                                h - +2 ring of evasion

@: no status effects
A: permanent stasis, dig shafts and tunnels, four strong arms, antennae 3, large
bone plates 1, yellow scales 1, fire resistance 1, frail 1, subdued magic 1
a: Dig, Shaft Self, Heroism, Renounce Religion


You were on level 8 of the Dungeon.
You worshipped Okawaru.
Okawaru was most pleased with you.
You were not hungry.

You visited 2 branches of the dungeon, and saw 12 of its levels.

You collected 534 gold pieces.

Inventory:

Hand Weapons
 a - a +1 hand crossbow
 b - a +2 short sword of electrocution (weapon)
 n - a +0 short sword
 w - a +2 dagger of protection
Missiles
 d - 22 bolts
Armour
 c - a +0 leather armour
 z - a +0 chain mail
 C - a +0 cloak (worn)
 F - a +0 plate armour (worn)
 J - a +0 pair of boots (worn)
 K - a +0 scale mail
Jewellery
 h - a +2 ring of evasion (left hand)
 r - a ring of ice (right hand)
 x - an amulet of regeneration (around neck)
 R - an uncursed ring of stealth
Wands
 u - a wand of polymorph (9/24)
 y - a wand of polymorph (15/24)
 A - a wand of flame (32/48)
 G - a wand of slowing (12/48)
 N - a wand of random effects (5/48)
 Q - a wand of iceblast (3/15)
Scrolls
 g - 4 scrolls of teleportation {unknown}
 l - 3 scrolls of enchant armour {unknown}
 m - 4 scrolls of remove curse
 o - 2 scrolls of magic mapping {unknown}
 q - 2 scrolls of fog
 t - 3 scrolls of amnesia {unknown}
 v - a scroll of enchant weapon
 B - a scroll of blinking {unknown}
 D - a scroll of fear {unknown}
 P - a scroll of silence {unknown}
Potions
 e - 2 potions of lignification
 i - a potion of magic
 k - 7 potions of curing
 p - 3 potions of degeneration
 E - a potion of brilliance
 L - a potion of might
Comestibles
 f - a bread ration
 j - 6 meat rations
 s - 2 beef jerkies
 H - 2 fruits
 I - 2 slices of pizza
 O - 11 royal jellies


   Skills:
 - Level 10.3 Fighting
 + Level 9.5 Crossbows
 - Level 1.7 Dodging
 + Level 5.1 Stealth
 - Level 8.0 Invocations


You had 9 spell levels left.
You didn't know any spells.

Dungeon Overview and Level Annotations

Branches:
Dungeon (11/15)            Temple (1/1) D:4             Orc (0/2) D:10
   Lair: D:8-11

Altars:
Ashenzari
Cheibriados
Dithmenos
Elyvilon
Fedhas
Gozag
Hepliaklqana
Kikubaaqudgha
Makhleb
Nemelex Xobeh
Okawaru
Qazlal
Ru
Sif Muna
Trog
Uskayaw
Vehumet
Xom
Yredelemnul
Zin
The Shining One

Shops:
D:5 %

Portals:
Ice
Cave: D:11


Innate Abilities, Weirdness & Mutations

You are under a permanent stasis effect.
You can dig through walls and to a lower floor.
Your four strong arms can wield two-handed weapons with a shield.
You have a pair of large antennae on your head. (SInv)
You are partially covered in large bone plates. (SH +4)
You are partially covered in yellow scales. (AC +2)
Your flesh is heat resistant. (rF+)
You are frail. (-10% HP)
Your spells are a little easier to cast, but a little less powerful.


Message History

Okay, then.
Okay, then.
Put on which piece of jewellery? (? for menu, Esc to quit)
You're wearing all the rings you can.
Remove which one? (? for menu, Esc to cancel) < or
h - a +2 ring of evasion; > or
R - a ring of stealth You remove your ring of stealth.
You feel more attuned to ice.
r - a ring of ice (right hand)
The white ugly thing pecks you. The white ugly thing freezes you! You resist.
The white ugly thing pecks you. The white ugly thing freezes you. You resist.
* * * LOW HITPOINT WARNING * * *
There is an open door here.
Are you sure you want to shaft yourself?
You feel somewhat more hungry. The white ugly thing barely misses you.
You begin to dig a shaft.
You continue digging a shaft.
The white ugly thing pecks you!
* * * LOW HITPOINT WARNING * * *
The white ugly thing freezes you! You resist.
You die...

#####≈..#######..#....#..###..##
##...#.........####....#..###..##
.'.#.'≈........# #....#...#...##
##...#..#......# #....#...#...##
######≈.#......# #....#...'...+.
#####≈..'......# #....#...#...#.
.#..##..#......####....######..##
.#..#.######.....####.....###..##
##.........#....@u>.#.)...#....'.
##.........#.....#..#.....#....#.
'..........#.....#..#.....#....#.
#...†......#.....#..#.....#....#.
#######'##+#.....#..#.....#######
...............###..#............
..........)....'....#............
...............#....#............
...............#.##.#..........<.


You could see a white ugly thing.

Vanquished Creatures
  Joseph (D:7)
  A two-headed ogre (D:8)
  Sigmund (D:3)
  A wyvern (D:10)
  2 hungry ghosts
  Eustachio (D:4)
  Grum (D:8)
  Duvessa (D:4)
  A sky beast (D:5)
  4 orc warriors
  3 wolves (D:8)
  4 ogres
  3 phantoms
  A centaur (D:7)
  Blork the orc (D:4)
  A big kobold (D:7)
  The ghost of vev the Sneak, an amateur SpCj (D:3)
  3 bullfrogs
  Dowan (D:4)
  A scorpion (D:8)
  2 crimson imps
  A bullfrog zombie (D:6)
  6 jellies
  An orc priest (D:6)
  Crazy Yiuf (D:5)
  7 orc wizards
  6 worker ants
  3 ogre zombies (D:10)
  A hound zombie (D:5)
  3 hound skeletons (D:4)
  A worker ant zombie (D:5)
  A howler monkey skeleton (D:7)
  9 adders
  A shadow imp (D:9)
  An adder zombie (D:6)
  9 oozes
  2 worms
  2 dart slugs
  3 leopard geckos
  31 orcs
  6 bats
  4 giant cockroaches
  9 goblins
  6 hobgoblins
  2 jackals (D:3)
  13 kobolds
  5 quokkas
  8 frilled lizards
  A goblin skeleton (D:10)
  A goblin zombie (D:10)
  A jackal zombie (D:5)
  A leopard gecko zombie (D:6)
  2 orc skeletons (D:10)
  2 orc zombies (D:10)
  A quokka skeleton (D:4)
  5 rats
191 creatures vanquished.

Notes
Turn   | Place    | Note
-------+----------+-------------------------------------------
     0 | D:1      | McCoppin the Formicid Hunter began the quest for the Orb.
     0 | D:1      | Reached XP level 1. HP: 16/16 MP: 1/1
   223 | D:1      | Reached XP level 2. HP: 23/23 MP: 2/2
   285 | D:1      | Reached skill level 3 in Fighting
   614 | D:2      | Reached XP level 3. HP: 24/29 MP: 3/3
   705 | D:2      | Reached skill level 4 in Fighting
   906 | D:2      | Reached XP level 4. HP: 26/38 MP: 4/4
  1035 | D:2      | Reached skill level 5 in Fighting
  1200 | D:3      | Noticed vev's ghost (amateur SpCj)
  1231 | D:3      | Reached XP level 5. HP: 44/44 MP: 5/5
  1255 | D:3      | Found a faded altar of an unknown god.
  1284 | D:3      | Noticed Sigmund
  1444 | D:3      | Killed vev's ghost
  1444 | D:3      | Reached skill level 6 in Fighting
  1491 | D:3      | Killed Sigmund
  1491 | D:3      | Reached skill level 7 in Fighting
  1491 | D:3      | Reached XP level 6. HP: 32/55 MP: 6/6
  1901 | D:3      | Reached XP level 7. HP: 60/60 MP: 7/7
  2155 | D:4      | Noticed Duvessa
  2163 | D:4      | Killed Duvessa
  2163 | D:4      | Reached skill level 8 in Fighting
  2164 | D:4      | Noticed Dowan
  2171 | D:4      | Killed Dowan
  2282 | D:4      | Noticed Blork the orc
  2294 | D:4      | Killed Blork the orc
  2329 | D:4      | Noticed Eustachio
  2364 | D:4      | Killed Eustachio
  2364 | D:4      | Reached skill level 9 in Fighting
  2364 | D:4      | Reached XP level 8. HP: 47/71 MP: 8/8
  2624 | D:4      | Found a staircase to the Ecumenical Temple.
  2664 | Temple   | Entered the Ecumenical Temple
  2744 | Temple   | Became a worshipper of Warmaster Okawaru
  3004 | D:5      | Entered Level 5 of the Dungeon
  3192 | D:5      | Found a runed door.
  3196 | D:5      | Noticed Crazy Yiuf
  3201 | D:5      | Killed Crazy Yiuf
  3279 | D:5      | Reached skill level 10 in Fighting
  3468 | D:5      | Reached skill level 5 in Crossbows
  3526 | D:5      | Found Diutyph's Food Shop.
  3746 | D:6      | Reached skill level 1 in Invocations
  3923 | D:6      | You fall through a shaft for 3 floors!
  3923 | D:9      | Noticed a hippogriff
  3926 | D:9      | You fall through a shaft for 2 floors!
  4007 | D:11     | Found a frozen archway.
  4007 | D:11     | Noticed a rime drake
  4048 | D:10     | Entered Level 10 of the Dungeon
  4048 | D:10     | Found a staircase to the Orcish Mines.
  4077 | D:10     | Reached * piety under Okawaru
  4144 | D:10     | Reached XP level 9. HP: 78/78 MP: 10/10
  4522 | D:10     | Noticed a hill giant
  4619 | D:7      | Reached skill level 5 in Invocations
  4772 | D:6      | Gained mutation: Your mind is acute. (Int +2) [potion of mutation]
  4772 | D:6      | Lost mutation: Your mind is acute. (Int +2) [potion of mutation]
  4772 | D:6      | Gained mutation: You are frail. (-10% HP) [potion of mutation]
  4773 | D:6      | Gained mutation: You are partially covered in yellow scales. (AC +2) [potion of mutation]
  4773 | D:6      | Gained mutation: You are partially covered in large bone plates. (SH +4) [potion of mutation]
  4773 | D:6      | Lost mutation: You are frail. (-10% HP) [potion of mutation]
  4774 | D:6      | Gained mutation: Your flesh is heat resistant. (rF+) [potion of mutation]
  4774 | D:6      | Gained mutation: You are dopey. (Int -2) [potion of mutation]
  4774 | D:6      | Gained mutation: Your spells are a little easier to cast, but a little less powerful. [potion of mutation]
  4775 | D:6      | Lost mutation: You are dopey. (Int -2) [potion of mutation]
  4775 | D:6      | Gained mutation: You are frail. (-10% HP) [potion of mutation]
  5733 | D:7      | Reached ** piety under Okawaru
  5813 | D:7      | Noticed Joseph
  5825 | D:7      | Killed Joseph
  5825 | D:7      | Reached XP level 10. HP: 27/76 MP: 15/15
  7023 | D:8      | Reached *** piety under Okawaru
  7027 | D:8      | Noticed Grum
  7043 | D:8      | Killed Grum
  7674 | D:8      | Reached skill level 5 in Stealth
  7718 | D:9      | Noticed a white ugly thing
  7728 | D:8      | Slain by a white ugly thing

Skill      XL: |  1  2  3  4  5  6  7  8  9 10 |
---------------+-------------------------------+-----
Fighting       | 3 4 5 7 9 10 | 10.3
Crossbows      | 5 8 9 |  9.5
Invocations    | 2 7 8 |  8.0
Stealth        | 5 |  5.1
Dodging        | |  1.7

Action                   |  1- 3 |  4- 6 |  7- 9 | 10-12 || total
-------------------------+-------+-------+-------+-------++-------
Melee: Dagger            |   104 |     3 |       |       ||   107
       Short sword       |       |       |    41 |     6 ||    47
 Fire: Hand crossbow     |    17 |    69 |   322 |   179 ||   587
Invok: Heroism           |       |       |     2 |     1 ||     3
 Abil: Dig               |       |     2 |    11 |     4 ||    17
       Shaft Self        |       |       |     2 |     1 ||     3
  Use: Scroll            |       |     4 |     6 |     1 ||    11
       Potion            |       |       |     5 |     2 ||     7
 Stab: Sleeping          |     1 |       |       |       ||     1
  Eat: Chunk             |       |     3 |     4 |     2 ||     9
       Bread ration      |       |       |     4 |     2 ||     6
Armor: Leather armour    |    46 |     8 |     4 |       ||    58
       Chain mail        |       |       |    49 |       ||    49
       Plate armour      |       |       |    24 |    53 ||    77
       Scale mail        |       |       |     1 |       ||     1
Dodge: Dodged            |   101 |    17 |    68 |    44 ||   230
Block: Other             |       |       |     9 |    11 ||    20
